AoeStats
← 断天泪

Arena

506174198Analyzed
2v2 RM · 21d ago on Sep 12, 2026· 49m 40s· 4 players
Game mode
Random Map
Map size
Medium (4 player)
Population
200
Speed
Normal
Resources
Standard
Victory
Conquest
Starting age
Dark Age
Ending age
Imperial Age
RankedLock teamsTeams togetherTeam positionsShared explorationLock speedFull tech treeHidden civsTurbo modeCheats
Victory
Defeat
🇧🇷 Mongols · Brazil
945
+13
🇧🇷 Poles · Brazil
909
+14
🇨🇳 Mongols · China
889
-14
🇧🇷 Spanish · Brazil
871
-13
断天泪
10:24 Feudal Age
16:49 Castle Age
15:38 Double-Bit Axe
15:45 Horse Collar
21:16 Bow Saw
21:25 Heavy Plow
27:36 Wheelbarrow
26:47 Town Watch
26:48 Loom
27:13 Stone Mining
27:13 Gold Mining
27:33 Town Patrol
27:39 Town Patrol
31:02 Imperial Age
29:28 Fletching
29:39 Padded Archer Armor
30:02 Ballistics
30:13 Hand Cart
32:07 Conscription
32:58 Chemistry
32:46 Gold Shaft Mining
32:47 Stone Shaft Mining
32:11 Bodkin Arrow
33:20 Husbandry
32:41 Light Cavalry
33:55 Fortified Wall
33:44 Murder Holes
33:59 Bracer
34:15 Leather Archer Armor
33:45 Elite Mangudai
35:34 Leather Archer Armor
35:31 Forging
35:26 Scale Barding Armor
35:18 Hussar
36:08 Bloodlines
36:19 Masonry
38:43 Scale Mail Armor
39:21 Iron Casting
39:14 Chain Barding Armor
43:10 Blast Furnace
41:59 Heavy Camel Rider
lemuel_db
2:00 Loom
9:29 Feudal Age
9:55 Double-Bit Axe
9:51 Horse Collar
13:25 Gold Mining
19:44 Castle Age
18:23 Stone Mining
20:28 Heavy Plow
20:40 Bow Saw
21:08 Stone Shaft Mining
20:56 Forging
21:43 Scale Barding Armor
23:00 Iron Casting
22:48 Town Watch
29:03 Wheelbarrow
30:14 Hand Cart
33:39 Imperial Age
31:56 Chain Barding Armor
31:29 Fletching
32:20 Bloodlines
32:10 Husbandry
35:03 Hoardings
34:38 Murder Holes
34:54 Masonry
34:56 Bodkin Arrow
35:18 Masonry
35:53 Ballistics
35:30 Light Cavalry
40:04 Elite Conquistador
47:05 Pikeman
47:30 Gambesons
47:46 Squires
47:32 Arson
48:41 Squires
48:46 Halberdier
Vitor
10:17 Feudal Age
13:30 Horse Collar
16:35 Castle Age
19:11 Double-Bit Axe
27:47 Heavy Plow
30:46 Fortified Wall
30:42 Gold Mining
31:35 Ballistics
33:05 Bow Saw
33:36 Gold Shaft Mining
32:54 Stone Mining
33:11 Fletching
33:21 Padded Archer Armor
33:42 Masonry
34:16 Bodkin Arrow
35:07 Wheelbarrow
34:20 Town Watch
34:24 Loom
35:20 Nomads
38:11 Imperial Age
36:10 Thumb Ring
36:31 Leather Archer Armor
37:26 Hand Cart
37:17 Town Patrol
38:23 Murder Holes
38:28 Elite Mangudai
39:30 Conscription
39:54 Parthian Tactics
39:36 Bracer
41:24 Hoardings
41:30 Hoardings
41:49 Heavy Cavalry Archer
47:25 Forging
47:21 Scale Barding Armor
46:41 Light Cavalry
47:48 Bloodlines
47:42 Husbandry
47:41 Hussar
49:10 Iron Casting
50:10 Chain Barding Armor
emersomcivil
12:06 Feudal Age
13:18 Horse Collar
13:26 Double-Bit Axe
15:27 Loom
17:59 Castle Age
15:49 Loom
19:10 Heavy Plow
21:12 Gold Mining
22:36 Scale Barding Armor
24:33 Chain Barding Armor
24:46 Stone Mining
25:10 Bow Saw
28:37 Wheelbarrow
29:09 Husbandry
29:21 Bloodlines
29:33 Forging
30:52 Hand Cart
31:53 Iron Casting
31:29 Light Cavalry
34:51 Imperial Age
32:37 Szlachta Privileges
35:46 Stone Shaft Mining
35:17 Pikeman
35:57 Squires
35:44 Arson
35:29 Elite Skirmisher
37:25 Cavalier
Connection lost

Rejoining the realm…

Still unreachable

The connection could not be restored.

Session expired

The server has moved on; the page needs a fresh start.